 Dungeon Sprint DCSS version 0.30-a0-800-g7c544603b3 (webtiles) character file.

Game seed: 1756300891296462873

68823 BigDaddyOpFi the End of an Era (level 15, -3/162 HPs)
             Began as a Hill Orc Fighter on Feb 21, 2023.
             Was the Champion of Qazlal.
             Slain by Mennas
             ... wielding a +5 trishula of holy wrath
              (7 damage)
             ... in the Dungeon (Sprint IX: "|||||||||||||||||||||||||||||").
             The game lasted 00:09:46 (6658 turns).

BigDaddyOpFi the End of an Era (Hill Orc Fighter)   Turns: 6658, Time: 00:09:47

Health: -3/162     AC: 35    Str: 30    XL:     15   Next: 27%
Magic:  0/32       EV:  9    Int:  7    God:    Qazlal [******]
Gold:   1385       SH:  8    Dex: 10    Spells: 14/14 levels left

rFire   + . .      SeeInvis +    m - +2 halberd "Zeemn" {heavy, rF+ Int-4 SInv}
rCold   . . .      Faith    .    (shield currently unavailable)
rNeg    . . .      Spirit   +    A - +4 plate armour
rPois   .          Reflect  .    y - +1 helmet
rElec   .          Harm     .    q - +0 cloak
rCorr   .          Rampage  .    e - +0 pair of gloves
Will    +....      NoTele   +    f - +0 pair of boots
Stlth   x                          - amulet of guardian spirit
HPRegen 0.47/turn                p - +3 ring of intelligence
MPRegen 0.23/turn                r - +3 ring of strength

@: mighty, protected from physical damage, glowing, silenced, repel missiles
A: no striking features
a: Renounce Religion


You were in the Dungeon.
You worshipped Qazlal.
Qazlal was exalted by your worship.
You visited 1 branch You collected 1587 gold pieces.
You spent 202 gold pieces at shops.

Inventory:

Hand Weapons
 a - a +0 arbalest
 m - the +2 halberd "Zeemn" (weapon) {heavy, rF+ Int-4 SInv}
   (You found it in the Dungeon)

   Int:       It affects your intelligence (-4).
   rF:        It protects you from fire.
   SInv:      It lets you see invisible.
Missiles
 l - 3 throwing nets
Armour
 e - a +0 pair of gloves (worn)
 f - a +0 pair of boots (worn)
 q - a +0 cloak (worn)
 y - a +1 helmet (worn)
 A - a +4 plate armour (worn)
Jewellery
 p - a +3 ring of intelligence (left hand)
 r - a +3 ring of strength (right hand)
 u - a ring of willpower
 v - a ring of protection from cold
 w - a ring of protection from fire
 x - an amulet of guardian spirit (around neck)
Wands
 c - a wand of charming (4)
Scrolls
 k - 2 scrolls of amnesia
 s - 2 scrolls of fear
 t - 2 scrolls of fog
 F - a scroll of identify
Potions
 d - a potion of invisibility


   Skills:
 + Level 22.7 Fighting
 - Level 15.6(19.8) Axes
 + Level 16.9(18.7) Polearms
 + Level 21.0 Armour
 + Level 21.1 Shields
 * Level 26.4 Invocations


You had 14 spell levels left.
You didn't know any spells.
Your spell library contained the following spells:

 Spells                   Type           Power      Damage    Failure   Level
 Portal Projectile        Hex/Tloc       0%         N/A       99%         3
 Tukima's Dance           Hex            0%         N/A       99%         3
 Blade Hands              Tmut           0%         N/A       100%        5


Dungeon Overview and Level Annotations

Branches:
Dungeon (1/1)

Altars:
Cheibriados
Dithmenos
Elyvilon
Fedhas
Gozag
Hepliaklqana
Kikubaaqudgha
Makhleb
Nemelex Xobeh
Okawaru
Qazlal
Ru
Sif Muna
Trog
Uskayaw
Vehumet
Wu Jian
Xom
Yredelemnul
Zin
The Shining One
Beogh
Jiyva
Lugonu

Shops:
D **?(

Annotations:
D Mennas


Message History

Mennas hits you from afar with a +5 trishula of holy wrath!
* * * LOW HITPOINT WARNING * * *
You feel more protected from physical attacks.
Mennas hits you from afar with a +5 trishula of holy wrath.
* * * LOW HITPOINT WARNING * * *
Mennas looks to the heavens.
Mennas hits you but does no damage. x2
Okay, then.
Mennas completely misses you.
Mennas hits you with a +5 trishula of holy wrath!
* * * LOW HITPOINT WARNING * * *
Mennas hits you but does no damage. x2
You completely miss Mennas. Mennas hits you but does no damage.
Mennas hits you with a +5 trishula of holy wrath!
* * * LOW HITPOINT WARNING * * *
Mennas blocks your attack.
Mennas hits you with a +5 trishula of holy wrath!
* * * LOW HITPOINT WARNING * * *
You feel more protected from physical attacks.
Mennas hits you but does no damage. Mennas barely misses you.
You block Mennas's attack.
Mennas becomes audible again.
Mennas gestures frantically.
Mennas's surroundings become eerily quiet.
Mennas hits you from afar with a +5 trishula of holy wrath!!
* * * LOW HITPOINT WARNING * * *
You block Mennas's attack.
Mennas hits you from afar with a +5 trishula of holy wrath.
* * * LOW HITPOINT WARNING * * *
You block Mennas's attack. Mennas hits you but does no damage. x2
Okay, then.
Magic scrolls do not work when you're silenced!
Unknown command.
You block Mennas's attack.
Mennas hits you from afar with a +5 trishula of holy wrath.
* * * LOW HITPOINT WARNING * * *
You feel more protected from physical attacks.
Mennas hits you from afar with a +5 trishula of holy wrath!
You die...

▓.▓.▓.▓.▓.▓.▓.▓.▓.
▓.▓)▓.▓.▓.▓.▓.▓∩▓.
▓.▓.▓.▓.▓.▓.▓.▓)▓.
▓.▓)▓.▓.▓.▓.▓.▓∩▓.
▓.▓)▓.▓.▓.▓.▓.▓.▓.
▓.▓)▓.▓.▓.▓.▓.▓.▓.
▓A▓.▓.▓'▓.▓.▓.▓.▓.
▓.▓.▓.▓.▓.▓.▓.▓.▓.
▓@▓.▓.▓.▓.▓.▓.▓.▓.
▓.▓'▓.▓.▓.▓'▓.▓'▓.
▓.▓.▓.▓.▓.▓.▓.▓.▓.
▓.▓.▓.▓.▓.▓.▓.▓.▓.
▓.▓.▓.▓.▓.▓.▓.▓.▓.
▓.▓.▓.▓.▓.▓.▓.▓.▓.
▓.▓.▓.▓.▓.▓.▓.▓.▓.
▓.▓.▓.▓.▓.▓.▓)▓.▓.
▓.▓.▓.▓.▓.▓.▓.▓.▓.


You could see Mennas (silencing).

Vanquished Creatures
  Jory (D)
  2 liches (D)
  Frances (D)
  A tengu reaver (D)
  Agnes (D)
  Donald (D)
  A fire giant (D)
  A frost giant (D)
  A vault warden (D)
  4 ironbound preservers (D)
  6 stone giants (D)
  A vampire knight (D)
  An ironbound thunderhulk (D)
  Nessos (D)
  A spark wasp (D)
  2 dire elephants (D)
  A merfolk impaler (D)
  2 ettins (D)
  A great orb of eyes (D)
  An entropy weaver (D)
  A fire dragon (D)
  Harold (D)
  4 hydras (D)
  3 ice dragons (D)
  An ironbound frostheart (D)
  A deep troll shaman (D)
  3 alligators (D)
  4 centaur warriors (D)
  2 anacondas (D)
  A deep troll earth mage (D)
  4 orc high priests (D)
  A shock serpent (D)
  A spriggan berserker (D)
  A sea snake (D)
  A sun moth (D)
  A bog body (D)
  2 glowing orange brains (D)
  5 lindwurms (D)
  2 harpies (D)
  4 wizards (D)
  2 necromancers (D)
  An ugly thing (D)
  6 orc sorcerers (D)
  6 orc knights (D)
  2 manticores (D)
  A cyclops (D)
  An elephant (D)
  2 vault sentinels (D)
  3 guardian serpents (D)
  A moth of wrath (D)
  2 demonic crawlers (D)
  A naga mage (D)
  2 black mambas (D)
  5 cane toads (D)
  A water nymph (D)
  A torpor snail (D)
  Psyche (D)
  A kobold demonologist (D)
  A yaktaur (D)
  A troll (D)
  A meliai (D)
  7 tyrant leeches (D)
  2 wind drakes (D)
  3 slime creatures (D)
  A jumping spider (D)
  A wyvern (D)
  3 yaks (D)
  A redback (D)
  A vampire mosquito (D)
  A naga (D)
  A swamp worm (shapeshifter) (D)
  4 water moccasins (D)
  7 orc warriors (D)
  2 centaurs (D)
  2 bullfrogs (D)
  2 scorpions (D)
  4 orc priests (D)
  A hound (D)
  2 iguanas (D)
  6 orc wizards (D)
  2 worms (D)
  A dart slug (D)
  An adder simulacrum (D)
  6 orcs (D)
  A ball python (D)
  A giant cockroach (D)
  A hobgoblin (D)
  A rat (D)
181 creatures vanquished.

Vanquished Creatures (others)
  A vampire (D)
  An orc (D)
2 creatures vanquished.

Grand Total: 183 creatures vanquished

Notes
Turn   | Place    | Note
-------+----------+-------------------------------------------
     0 | D        | BigDaddyOpFi the Hill Orc Fighter began the quest for the
                  | Orb.
     0 | D        | Reached XP level 1. HP: 19/19 MP: 1/1
    15 | D        | Reached XP level 2. HP: 26/27 MP: 2/2
    43 | D        | Noticed a scorpion
    43 | D        | Noticed a scorpion
    54 | D        | Reached skill level 5 in Fighting
    54 | D        | Reached XP level 3. HP: 27/36 MP: 3/3
    59 | D        | Killed a scorpion
    60 | D        | Reached skill level 5 in Armour
    60 | D        | Reached skill level 5 in Shields
    60 | D        | Reached XP level 4. HP: 34/45 MP: 4/4
    65 | D        | Killed a scorpion
    66 | D        | Reached XP level 5. HP: 37/52 MP: 5/5
   152 | D        | Found a roughly hewn altar of Beogh.
   152 | D        | Found a snail-covered altar of Cheibriados.
   152 | D        | Found a shadowy altar of Dithmenos.
   152 | D        | Found a white marble altar of Elyvilon.
   152 | D        | Found a blossoming altar of Fedhas.
   152 | D        | Found an opulent altar of Gozag.
   153 | D        | Found a hazy altar of Hepliaklqana.
   154 | D        | Found a viscous altar of Jiyva.
   155 | D        | Found an ancient bone altar of Kikubaaqudgha.
   156 | D        | Found a corrupted altar of Lugonu.
   157 | D        | Found a burning altar of Makhleb.
   158 | D        | Found a sparkling altar of Nemelex Xobeh.
   159 | D        | Found an iron altar of Okawaru.
   160 | D        | Found a stormy altar of Qazlal.
   161 | D        | Found a sacrificial altar of Ru.
   162 | D        | Found a shimmering blue altar of Sif Muna.
   163 | D        | Found a bloodstained altar of Trog.
   164 | D        | Found a hide-covered altar of Uskayaw.
   165 | D        | Found a radiant altar of Vehumet.
   166 | D        | Found an ornate altar of the Wu Jian Council.
   167 | D        | Found a shimmering altar of Xom.
   168 | D        | Became a worshipper of Qazlal Stormbringer
   169 | D        | Found a basalt altar of Yredelemnul.
   170 | D        | Found a glowing silver altar of Zin.
   171 | D        | Found a glowing golden altar of the Shining One.
   187 | D        | Got the +2 halberd "Zeemn" {heavy, rF+ Int-4 SInv}
   234 | D        | Noticed a centaur
   234 | D        | Noticed a kobold demonologist
   234 | D        | Noticed an orc warrior
   234 | D        | Noticed a yak
   234 | D        | Noticed a centaur
   234 | D        | Noticed a troll
   239 | D        | Killed a centaur
   240 | D        | Reached XP level 6. HP: 51/62 MP: 6/6
   250 | D        | Killed a kobold demonologist
   251 | D        | Reached skill level 10 in Axes
   251 | D        | Reached XP level 7. HP: 64/71 MP: 7/7
   251 | D        | Reached * piety under Qazlal
   252 | D        | Reached skill level 10 in Fighting
   253 | D        | Killed a yak
   256 | D        | Reached XP level 8. HP: 70/81 MP: 8/8
   256 | D        | Killed a troll
   256 | D        | Reached ** piety under Qazlal
   257 | D        | Reached skill level 10 in Armour
   257 | D        | Reached skill level 10 in Shields
   384 | D        | Noticed a vampire
   384 | D        | Noticed a centaur warrior
   384 | D        | Noticed a centaur warrior
   384 | D        | Noticed a slime creature
   384 | D        | Noticed a centaur warrior
   388 | D        | Killed a vampire
   391 | D        | Killed a centaur warrior
   392 | D        | Reached XP level 9. HP: 64/91 MP: 9/9
   399 | D        | Killed a centaur warrior
   408 | D        | Reached *** piety under Qazlal
   413 | D        | Killed a centaur warrior
   865 | D        | Noticed a cane toad
   865 | D        | Noticed a cane toad
   865 | D        | Noticed a black mamba
   867 | D        | Killed a cane toad
   868 | D        | Reached skill level 15 in Axes
   868 | D        | Reached XP level 10. HP: 101/103 MP: 10/10
   870 | D        | Killed a cane toad
   873 | D        | Killed a black mamba
   873 | D        | Reached **** piety under Qazlal
   873 | D        | Noticed a seven-headed hydra
   880 | D        | Reached skill level 1 in Polearms
   882 | D        | Reached ***** piety under Qazlal
   884 | D        | Killed a seven-headed hydra
   885 | D        | Reached skill level 15 in Fighting
  1049 | D        | Noticed a cane toad
  1049 | D        | Noticed a seven-headed hydra
  1049 | D        | Noticed an elephant
  1049 | D        | Noticed a cane toad
  1050 | D        | Noticed a cane toad
  1064 | D        | Killed an eight-headed hydra
  1065 | D        | Reached skill level 3 in Invocations
  1071 | D        | Killed a cane toad
  1072 | D        | Reached skill level 4 in Invocations
  1087 | D        | Killed an elephant
  1088 | D        | Reached skill level 5 in Polearms
  1088 | D        | Reached skill level 5 in Invocations
  1088 | D        | Reached XP level 11. HP: 88/113 MP: 5/15
  1089 | D        | Reached skill level 6 in Invocations
  1091 | D        | Reached skill level 7 in Invocations
  1110 | D        | Noticed a lindwurm
  1110 | D        | Noticed a lindwurm
  1110 | D        | Noticed a lindwurm
  1111 | D        | Noticed a lindwurm
  1116 | D        | Killed a lindwurm
  1117 | D        | Reached skill level 8 in Invocations
  1120 | D        | Reached ****** piety under Qazlal
  1124 | D        | Killed a lindwurm
  1125 | D        | Reached skill level 15 in Shields
  1133 | D        | Reached skill level 9 in Invocations
  1137 | D        | Killed a lindwurm
  1138 | D        | Reached skill level 15 in Armour
  1139 | D        | Killed a lindwurm
  1140 | D        | Reached skill level 10 in Invocations
  1530 | D        | Noticed Psyche
  1535 | D        | Killed Psyche
  1571 | D        | Noticed an orc knight
  1583 | D        | Killed an orc knight
  1626 | D        | Noticed an orc knight
  1629 | D        | Noticed an orc knight
  1636 | D        | Killed an orc knight
  1637 | D        | Reached skill level 11 in Invocations
  1649 | D        | Killed an orc knight
  1658 | D        | Reached skill level 12 in Invocations
  1660 | D        | Noticed an orc knight
  1678 | D        | Killed an orc knight
  2076 | D        | Found Kaewkih's General Store.
  2076 | D        | Noticed an orc sorcerer
  2076 | D        | Noticed an orc sorcerer
  2076 | D        | Noticed an orc knight
  2076 | D        | Noticed an orc sorcerer
  2077 | D        | Killed an orc sorcerer
  2077 | D        | Noticed an orc sorcerer
  2078 | D        | Reached XP level 12. HP: 97/125 MP: 21/21
  2088 | D        | Noticed an orc high priest
  2090 | D        | Reached skill level 13 in Invocations
  2091 | D        | Noticed a sun demon
  2091 | D        | Found Tirhuaqi's General Store.
  2095 | D        | Noticed a soul eater
  2098 | D        | Reached skill level 14 in Invocations
  2098 | D        | Killed an orc high priest
  2099 | D        | Found Gicziahi's Magic Scroll Emporium.
  2418 | D        | Found Huzeso's Antique Weapon Shoppe.
  2421 | D        | Noticed an orc high priest
  2423 | D        | Noticed an orc high priest
  2424 | D        | Noticed an orc high priest
  2430 | D        | Killed an orc high priest
  2432 | D        | Killed an orc high priest
  2437 | D        | Killed an orc high priest
  2438 | D        | Reached skill level 10 in Polearms
  2438 | D        | Reached skill level 15 in Invocations
  2447 | D        | Bought a scroll of blinking for 82 gold pieces
  2450 | D        | Bought a potion of heal wounds for 60 gold pieces
  2450 | D        | Bought a potion of heal wounds for 60 gold pieces
  2651 | D        | Noticed Harold
  2656 | D        | Killed Harold
  2816 | D        | Noticed a centaur warrior
  2816 | D        | Noticed an eight-headed hydra
  2816 | D        | Noticed a fire dragon
  2818 | D        | Noticed an eight-headed hydra
  2823 | D        | Killed a centaur warrior
  2826 | D        | Noticed a stone giant
  2827 | D        | Killed an eight-headed hydra
  2827 | D        | Killed an eight-headed hydra
  2828 | D        | Reached skill level 16 in Invocations
  2828 | D        | Noticed a tengu reaver
  2833 | D        | Noticed a spriggan berserker
  2835 | D        | Noticed a deep troll earth mage
  2836 | D        | Killed a fire dragon
  2843 | D        | Killed a spriggan berserker
  2843 | D        | Killed a deep troll earth mage
  2844 | D        | Reached skill level 17 in Invocations
  2844 | D        | Reached XP level 13. HP: 82/136 MP: 14/25
  2844 | D        | Killed a stone giant
  2849 | D        | Killed a tengu reaver
  2850 | D        | Reached skill level 18 in Invocations
  3144 | D        | Noticed Nessos
  3158 | D        | Killed Nessos
  3424 | D        | Reached skill level 19 in Invocations
  3724 | D        | Noticed a merfolk impaler
  3745 | D        | Killed a merfolk impaler
  3754 | D        | Reached skill level 20 in Invocations
  3989 | D        | Noticed an entropy weaver
  3989 | D        | Noticed a spark wasp
  4001 | D        | Killed a spark wasp
  4001 | D        | Killed an entropy weaver
  4045 | D        | Reached skill level 21 in Invocations
  4354 | D        | Reached XP level 14. HP: 120/149 MP: 14/28
  4606 | D        | Noticed Agnes
  4619 | D        | HP: 10/223 [Agnes/+1 lajatang of electrocution (7)]
  4620 | D        | Killed Agnes
  4621 | D        | Reached skill level 22 in Invocations
  4627 | D        | Identified the +0 kite shield of the Morning Star {Harm
                  | rCorr Str+3}
  4627 | D        | Noticed Donald
  4628 | D        | Noticed Frances
  4844 | D        | Killed Donald
  5152 | D        | Killed Frances
  5352 | D        | Noticed a fire giant
  5352 | D        | Noticed a lich
  5352 | D        | Noticed a stone giant
  5357 | D        | Killed a fire giant
  5358 | D        | Killed a stone giant
  5359 | D        | Reached skill level 23 in Invocations
  5361 | D        | Noticed a stone giant
  5362 | D        | Killed a lich
  5363 | D        | Noticed a lich
  5364 | D        | Noticed a vampire knight
  5366 | D        | Noticed a stone giant
  5368 | D        | Noticed a frost giant
  5370 | D        | Killed a stone giant
  5370 | D        | Killed a lich
  5370 | D        | Killed a frost giant
  5371 | D        | Reached skill level 15 in Polearms
  5378 | D        | Paralysed by a vampire knight for 2 turns
  5381 | D        | Killed a stone giant
  5381 | D        | Killed a stone giant
  5382 | D        | Reached skill level 24 in Invocations
  5382 | D        | Killed a vampire knight
  5385 | D        | Noticed a stone giant
  5410 | D        | Killed a stone giant
  5900 | D        | Noticed a dire elephant
  5901 | D        | Noticed an ironbound preserver
  5904 | D        | Noticed an ironbound preserver
  5909 | D        | Killed a dire elephant
  5909 | D        | Noticed an ironbound preserver
  5919 | D        | Killed an ironbound preserver
  5920 | D        | Reached skill level 25 in Invocations
  5923 | D        | Killed an ironbound preserver
  5928 | D        | Killed an ironbound preserver
  5929 | D        | Reached XP level 15. HP: 59/160 MP: 8/31
  6255 | D        | Noticed a vault warden
  6267 | D        | Killed a vault warden
  6275 | D        | Reached skill level 26 in Invocations
  6627 | D        | Noticed Jory
  6630 | D        | Noticed Mennas
  6642 | D        | Killed Jory
  6650 | D        | HP: 3/162 [Mennas/+5 trishula of holy wrath (15)]
  6656 | D        | HP: 3/162 [Mennas/+5 trishula of holy wrath (2)]
  6658 | D        | Slain by Mennas

Illustrated notes

Levels and vault maps discovered:
D:        linesprint [early_d, line_temple, items_1, d_10, items_2, lair_1,
          lair_end, items_3, orc_1, orc_end, items_4, d_15, swamp_1, shoals_1,
          snake_1, spider_1, d_20, vaults_1, items_5, swamp_end, shoals_end,
          snake_end, spider_end, vaults_end, d_27, items_6, zot_1, zot_end,
          crypt_end, forest_end, elf_end, slime_end, tomb_end, abyss_end,
          pan_hell_end]

Skill      XL: |  1  2  3  4  5  6  7  8  9 10 11 12 13 14 15 |
---------------+----------------------------------------------+-----
Axes           | 3 4 6 7 8 10 11 13 15 | 15.6
Fighting       | 4 5 6 7 8 9 10 12 14 15 17 18 20 22 | 22.7
Armour         | 4 5 6 7 9 11 13 14 15 17 18 20 21 | 21.0
Shields        | 4 5 6 7 9 11 13 14 15 17 18 20 21 | 21.1
Polearms       | 5 8 11 13 16 | 16.9
Invocations    | 5 12 17 21 25 26 | 26.4

Action                     |  1- 3 |  4- 6 |  7- 9 | 10-12 | 13-15 || total
---------------------------+-------+-------+-------+-------+-------++-------
  Melee: War axe           |    25 |    14 |       |       |       ||    39
         Halberd           |       |    15 |    29 |   174 |   231 ||   449
 Invoke: Upheaval          |       |       |       |     3 |     2 ||     5
         Disaster Area     |       |       |       |     7 |    12 ||    19
  Evoke: Wand              |       |       |       |    10 |       ||    10
    Use: Potion            |     2 |       |     2 |    14 |     9 ||    27
         Scroll            |       |       |     2 |     3 |     4 ||     9
 Armour: Scale mail        |    14 |     4 |       |       |       ||    18
         Plate armour      |       |    31 |    46 |   166 |   214 ||   457
  Dodge: Dodged            |    15 |    16 |    21 |    76 |    84 ||   212
         Repelled          |       |       |       |     2 |       ||     2
  Block: Buckler           |     3 |     4 |       |       |       ||     7
         Other             |       |       |     7 |    83 |    90 ||   180

Table legend: (Time is in decaauts)
 A = Elapsed time spent in this place.
 B = Non-inter-level travel time spent in this place.
 C = Inter-level travel time spent in this place.
 D = Time resting spent in this place.
 E = Time spent auto-exploring this place.
 F = Levels seen in this place.
 G = Mean time per level.
                   A        B        C        D        E       F      G
               +--------+--------+--------+--------+--------+-----+--------+
         Total |   6798 |   6798 |      0 |   4956 |      0 |   1 | 6798.0 |
       Dungeon |   6798 |   6798 |      0 |   4956 |      0 |   1 | 6798.0 |
               +--------+--------+--------+--------+--------+-----+--------+

Top non-repeatable levels by time:
       D: 6798 daAuts
